 Dungeon Crawl Stone Soup version 0.30.1-4-g462c640d31 (webtiles) character file.

Game seed: 14308181065925284531

30 Logoto the Firebug (level 3, 0/27 HPs)
             Began as a Hill Orc Fire Elementalist on Aug 16, 2023.
             Slain by an adder (2 damage)
             ... on level 2 of the Dungeon.
             The game lasted 00:05:34 (1064 turns).

Logoto the Firebug (Hill Orc Fire Elementalist)     Turns: 1064, Time: 00:05:35

Health: 0/27       AC:  9    Str: 18    XL:     3   Next: 18%
Magic:  0/5        EV: 10    Int: 15    God:
Gold:   54         SH:  0    Dex: 11    Spells: 2/5 levels left

rFire   . . .        g - +1 mace (holy)
rCold   . . .        (no shield)
rNeg    . . .        i - +0 scale mail
rPois   .            k - +0 helmet
rElec   .            (no cloak)
rCorr   .            (no gloves)
SInv    .            j - +1 pair of boots
Will    .....        (no amulet) Stlth
                     d - +6 ring of strength
HPRegen 0.24/turn    (no ring)
MPRegen 0.09/turn

%: no passive effects
@: lethally poisoned (0 -> 0)
A: no striking features
a: no special abilities


You were on level 2 of the Dungeon.
You visited 1 branch of the dungeon, and saw 2 of its levels.

You collected 54 gold pieces.

Inventory:

Hand Weapons
 g - a +1 mace of holy wrath (weapon)
Armour
 a - a +0 robe
 i - a +0 scale mail (worn)
 j - a +1 pair of boots (worn)
 k - a +0 helmet (worn)
Jewellery
 d - a +6 ring of strength (left hand)
Scrolls
 c - a scroll of vulnerability {unknown}
 f - 2 scrolls of identify {unknown}
 l - a scroll of blinking {unknown}
Potions
 b - a potion of magic
 e - a potion of curing {unknown}


   Skills:
 + Level 0.4 Fighting
 + Level 0.2 Short Blades
 + Level 0.1 Maces & Flails
 + Level 1.8 Dodging
 + Level 1.8 Stealth
 + Level 1.8 Spellcasting
 + Level 1.2 Conjurations
 + Level 3.8 Fire Magic


You had 2 spell levels left.
You knew the following spells:

 Your Spells              Type           Power      Damage    Failure   Level
a - Foxfire               Conj/Fire      32%        2x1d5     28%         1
b - Scorch                Fire           24%        2d6       24%         2

Your spell library contained the following spells:

 Spells                   Type           Power      Damage    Failure   Level
 Summon Small Mammal      Summ           4%         N/A       61%         1
 Inner Flame              Hex/Fire       7%         N/A       71%         3
 Volatile Blastmotes      Fire/Tloc      14%        2d11      71%         3
 Call Canine Familiar     Summ           1%         N/A       93%         3
 Summon Guardian Golem    Hex/Summ       1%         N/A       93%         3
 Flame Wave               Conj/Fire      8%         2d5       95%         4


Dungeon Overview and Level Annotations

Branches:
Dungeon (2/15)

Altars:

Shops:
D:2 *


Message History

The adder is heavily wounded.
The adder's fire resistance burns away.
You feel sick.
You are no longer poisoned.
The adder bites you.
You are poisoned.
The adder poisons you!
You feel sick. The adder closely misses you.
You feel sick.
You feel sick.
You feel sick.
The adder is no longer more vulnerable to fire.
You feel sick. The adder bites you but does no damage.
You feel sick. The adder attacks as you move away!
The adder bites you but does no damage.
You feel sick.
You are no longer poisoned.
Casting: Scorch (quite dangerous; 24% risk of failure)
Confirm with . or Enter, or press ? or * to list all spells.
You conjure some foxfire!
The adder misses you. The adder bites you.
The foxfire hits the adder.
The adder is severely wounded.
The foxfire hits the adder.
The adder is almost dead.
You closely miss the adder.
The adder is almost dead.
The adder bites you.
You are poisoned.
The adder poisons you! The adder bites you but does no damage.
You closely miss the adder.
The adder is almost dead.
* * * LOW HITPOINT WARNING * * *
You feel very sick. The adder bites you but does no damage.
The adder bites you.
* * * LOW HITPOINT WARNING * * *
Your magical contamination has completely faded away.
You feel sick.
You feel sick.
You feel sick.
You feel sick. The adder bites you.
You die...

######### ####.......#
....†.####.#
####....##.#######
#.##..........#
#.#####.#####.#
#.#####.#####@####
#...#
#.......##...S...#
#...#
##########.##.##.####
#...#### #
#....<..###....... #.
#....##|.##...###. ###.
#.#..#............
....##.#.....8.........
#.......#............
#.#.....##.∩#........


You could see an adder.

Vanquished Creatures
  3 endoplasms (D:1)
  2 giant cockroaches (D:1)
  9 goblins
  A hobgoblin (D:1)
  A quokka (D:1)
  A ball python (D:1)
  A frilled lizard (D:1)
  5 kobolds
  4 rats (D:1)
27 creatures vanquished.

Vanquished Creatures (others)
  48 foxfires
48 creatures vanquished.

Grand Total: 75 creatures vanquished

Notes
Turn   | Place    | Note
-------+----------+-------------------------------------------
     0 | D:1      | Logoto the Hill Orc Fire Elementalist began the quest for
                  | the Orb.
     0 | D:1      | Reached XP level 1. HP: 14/14 MP: 3/3
   218 | D:2      | Reached XP level 2. HP: 2/20 MP: 1/4
   326 | D:2      | Found Quat's General Store.
   640 | D:1      | Reached XP level 3. HP: 27/27 MP: 2/5
   946 | D:2      | Learned a level 2 spell: Scorch
  1064 | D:2      | Slain by an adder

Illustrated notes

Levels and vault maps discovered:
D:1:      onia_arrival_handbag, layout_rooms, hangedman_glass_teeth,
          wad_floor_pattern_untrapped, minmay_misc_feat_tiny
D:2:      layout_loops_cross, serial_shops, shop_statue

Action                     || total
---------------------------++-------
  Melee: Unarmed           ||    16
         Mace              ||    39
         Dagger            ||     3
   Cast: Foxfire           ||    29
         Scorch            ||     1
   Stab: Sleeping          ||     1
 Armour: Robe              ||    12
         Scale mail        ||    33
  Dodge: Dodged            ||    53
